 Dungeon Crawl Stone Soup version 0.17.0-23-g0de4337 (webtiles) character file.

109985 dvd the Whirler (level 17, -39/117 HPs)
             Began as a Halfling Hunter on Nov 14, 2015.
             Was a High Priest of Okawaru.
             Killed from afar by a frost giant (49 damage)
             ... with a bolt of cold
             ... on level 15 of the Dungeon.
             The game lasted 04:12:40 (42566 turns).

dvd the Whirler (Halfling Hunter)                  Turns: 42566, Time: 04:12:40

Health: -39/117    AC: 28    Str: 14      XL:     17   Next: 8%
Magic:  20/20      EV: 20    Int:  7 (12) God:    Okawaru [*****.]
Gold:   2252       SH:  0    Dex: 22      Spells: 4 memorised, 15 levels left

rFire  + . .     SeeInvis +     y - +4 scimitar (flame)
rCold  . . .     Clarity  .     P - +4 chain mail {rF+}
rNeg   . . .     SustAt   .     (shield restricted)
rPois  +         Gourm    .     Q - +2 helmet {SInv}
rElec  .         Spirit   .     z - +0 cloak
rCorr  .         Warding  .     u - +2 pair of gloves
rMut   .         Stasis   .     q - +2 pair of boots of Autotheism {rPois Int+2 Dex+2}
MR     ++...                    M - amulet of faith
Stlth  ..........               D - ring of protection from magic
                                h - +5 ring of evasion

@: about to teleport, very resistant to hostile enchantments, extremely
unstealthy
A: low mp 1, mutation resistance 1, regeneration 1
a: Heroism, Finesse, Renounce Religion


You were on level 15 of the Dungeon.
You worshipped Okawaru.
Okawaru was extremely pleased with you.
You were not hungry.

You visited 5 branches of the dungeon, and saw 28 of its levels.
You also visited: Volcano.

You collected 2579 gold pieces.
You spent 327 gold pieces at shops.

Inventory:

Hand Weapons
 a - the +6 greatsling of Cityec {speed, rElec MP+9 Str+3 Int-3}
   (Okawaru gifted it to you on level 3 of the Orcish Mines)

   Attacks with this weapon are significantly faster.
   It affects your strength (+3).
   It affects your intelligence (-3).
   It insulates you from electricity.
   It affects your magic capacity (+9).
 k - a +3 dagger of venom
 o - a +4 long sword of protection
 v - a +2 long sword of slicing
 y - a +4 scimitar of flaming (weapon)
Missiles
 b - 4 poisoned sling bullets
 d - 12 sling bullets of frost
 w - 52 tomahawks
 A - 158 stones
 B - 14 sling bullets
 E - 29 exploding sling bullets
 N - 3 steel tomahawks (quivered)
 R - 40 sling bullets of flame
Armour
 c - the -1 cloak of the Eight Wonders {*Confuse rN+ rCorr Dex+3}
   (Okawaru gifted it to you on level 4 of the Orcish Mines)

   It affects your dexterity (+3).
   It protects you from negative energy.
   It protects you from acid and corrosion.
   It may confuse you when you take damage.
 q - the +2 pair of boots of Autotheism (worn) {rPois Int+2 Dex+2}
   (You acquired it on level 1 of the Lair of Beasts)

   It affects your intelligence (+2).
   It affects your dexterity (+2).
   It protects you from poison.
 t - a +1 shield of reflection
 u - a +2 pair of gloves (worn)
 x - a +3 buckler of cold resistance
 z - a +0 cloak (worn)
 J - the +7 crystal plate armour of the Invisible Hand {MR+}
   (Okawaru gifted it to you on level 3 of the Lair of Beasts)

   It affects your resistance to hostile enchantments.
 P - a +4 chain mail of fire resistance (worn)
 Q - a +2 helmet of see invisible (worn)
Jewellery
 h - a +5 ring of evasion (left hand)
 D - a ring of protection from magic (right hand)
 M - an amulet of faith (around neck)
 U - an uncursed amulet of guardian spirit
 V - a +4 ring of strength
Wands
 f - a wand of draining (7)
 p - a wand of fire (7)
 r - a wand of digging (24)
 s - a wand of digging (17)
 F - a wand of cold (7)
 L - a wand of cold (6)
 W - a wand of fire (9)
 Z - a wand of digging (11)
Scrolls
 g - a scroll of summoning
 l - 7 scrolls of identify
 m - 5 scrolls of remove curse
 n - 11 scrolls of teleportation
 G - a scroll of magic mapping
 K - a scroll of recharging
Potions
 j - 2 potions of cancellation
 I - a potion of flight
 S - 2 potions of heal wounds
 T - 2 potions of magic
 X - 7 potions of curing
 Y - a potion of might
Comestibles
 e - 9 bread rations
 i - 5 royal jellies
 C - 7 meat rations
 O - 8 fruits


   Skills:
 + Level 10.9 Fighting
 + Level 14.5(14.8) Short Blades
 + Level 4.0(8.5) Long Blades
 + Level 19.6(19.8) Slings
   Level 1.4 Bows
 + Level 4.3(11.4) Throwing
 * Level 11.3 Armour
 + Level 9.0 Dodging
 - Level 4.1 Stealth
 + Level 11.1 Shields
 - Level 3.7 Spellcasting
 - Level 3.6 Charms
 - Level 4.0 Necromancy
 + Level 2.9 Invocations
 + Level 0.8 Evocations


You had 15 spell levels left.
You knew the following spells:

 Your Spells              Type           Power        Failure   Level  Hunger
a - Animate Skeleton      Necr           N/A          87%         1    ##.....
b - Pain                  Necr           #...         87%         1    ##.....
c - Vampiric Draining     Necr           #.........   100%        3    ####...
d - Regeneration          Chrm/Necr      #.........   100%        3    ####...


Dungeon Overview and Level Annotations

Branches:
Dungeon (15/15)            Temple (1/1) D:5            Lair (6/8) D:10
  Swamp (2/4) Lair:6       Spider (0/4) Lair:3          Orc (4/4) D:10
    Elf (0/3) Orc:3        Vaults (0/5) D:14
  Slime: Lair:6-8    Depths: D:15

Altars:
Ashenzari
Cheibriados
Dithmenos
Elyvilon
Fedhas
Gozag
Kikubaaqudgha
Makhleb
Nemelex Xobeh
Okawaru
Qazlal
Ru
Sif Muna
Trog
Vehumet
Xom
Yredelemnul
Zin
The Shining One
Beogh

Shops:
D:6 !   D:14 *   Orc:4 [(*}=

Annotations:
D:5 ventricule's ghost, novice HEEE


Innate Abilities, Weirdness & Mutations

You are small and have problems with some larger weapons.
You are somewhat resistant to further mutation.
Your magical capacity is low (-10% MP).
Your natural rate of healing is unusually fast.


Message History

You continue taking off your +1 shield of reflection.
The frost giant hits you with a battleaxe of freezing!
* * * LOW HITPOINT WARNING * * *
The frost giant freezes you.
* * * LOW HITPOINT WARNING * * *
You continue taking off your +1 shield of reflection.
The frost giant points at you and mumbles some strange words.
The bolt of cold misses you.
You continue taking off your +1 shield of reflection.
The frost giant casts a spell at you. The bolt of cold misses you.
You continue taking off your +1 shield of reflection.
The frost giant barely misses you.
You finish taking off your +1 shield of reflection.
Read which item? (? for menu, Esc to quit)
As you read the scroll of teleportation, it crumbles to dust.
You feel strangely unstable. The frost giant casts a spell at you.
The bolt of cold hits you!
You die... ##.#.## ##.......... ##.###.## ########### ##..#?#..## ##..##)##..## #...#(.[#...# ##..##...##..## #.### .HO

###.# #†#
###C### #.# #.#
#..@..# #.# #.#
#..⌠..# #.# #.#
#.....# #.# #.#
#.....# #.# #.#
#..⌠..# #.#
#.###.....###.#
##.####.####.###
##.###.###.##.#
##.##.##.##..#


You could see a frost giant, an ogre mage (invisible) and a hippogriff.

Vanquished Creatures
  Gastronok (D:10)
  Kirke (Lair:5)
  Donald (Swamp:1)
  2 orc warlords
  Maud (Lair:4)
  Azrael (D:12)
  2 vault guards (D:14)
  Snorg (Orc:2)
  The ghost of AAAAA the Destroyer, a journeyman DgWn (Lair:5)
  Josephine (Orc:2)
  An ogre mage (D:14)
  Fannar (Orc:2)
  8 hydras
  A ghost crab (Swamp:2)
  2 centaur warriors
  Erolcha (D:11)
  A catoblepas (Lair:6)
  5 death yaks (Lair:2)
  2 alligators (Swamp:1)
  3 orc high priests (Orc:4)
  2 swamp dragons (Swamp:1)
  8 hill giants
  2 shambling mangroves (Swamp:1)
  The ghost of WereVolvo the Spear-Bearer, a novice MfIE (D:8)
  11 orc knights
  An orange crystal statue (D:15)
  Pikel (D:4)
  12 ugly things
  4 griffons
  4 orc sorcerers
  2 cyclopes (D:12)
  2 manticores
  4 oklob plants
  2 hornets
  3 slime creatures (D:13)
  10 elephants (Lair:3)
  The ghost of radek the Geomancer, a novice GrEE (D:7)
  A black mamba (Lair:1)
  Psyche (D:9)
  A gargoyle (D:13)
  A yaktaur (D:14)
  15 spiny frogs
  2 komodo dragons
  A queen bee (D:13)
  A tengu conjurer (D:14)
  3 two-headed ogres
  3 fire drakes
  2 polar bears
  4 giant leeches
  6 trolls
  A centaur simulacrum (D:15)
  A trapdoor spider zombie (D:13)
  2 bog bodies
  5 spriggans
  20 blink frogs
  3 trapdoor spiders
  3 shadows
  A human (Lair:5)
  6 wraiths
  3 basilisks
  16 vampire mosquitoes
  A deep elf mage (D:13)
  A vampire (D:15)
  37 yaks
  5 fire elementals
  4 deep elf fighters
  3 hungry ghosts
  11 hippogriffs
  6 wolves (Lair:2)
  An insubstantial wisp (Swamp:2)
  20 water moccasins
  3 wargs
  A mottled dragon (D:15)
  3 hell hounds (D:12)
  4 swamp drakes
  8 swamp worms
  13 porcupines
  46 orc warriors
  A slave (D:3)
  4 phantoms
  7 sky beasts
  2 black bears
  An eye of draining (D:14)
  6 ice beasts
  15 ogres
  A boggart (D:15)
  9 wasps
  7 centaurs
  4 scorpions
  9 crocodiles
  2 big kobolds
  3 wyvern zombies
  23 giant frogs
  2 wyvern skeletons
  An electric eel (Lair:6)
  37 killer bees
  4 wights (D:11)
  11 jellies
  3 centaur skeletons
  3 centaur zombies
  2 crimson imps
  A giant frog skeleton (D:9)
  27 orc priests
  3 giant frog zombies
  5 hounds
  12 iguanas
  29 orc wizards
  2 hell rats (Lair:5)
  11 worker ants
  8 sheep
  A hound zombie (D:5)
  A worker ant zombie (D:5)
  13 adders
  3 gnolls (D:2)
  19 river rats
  7 shadow imps
  2 adder zombies
  20 oozes
  An adder skeleton (D:5)
  3 worms
  170 orcs
  5 giant cockroaches
  6 hobgoblins
  12 jackals
  6 quokkas
  3 ball pythons (D:2)
  21 bats
  6 giant geckos
  3 giant newts
  5 goblins
  2 jackal skeletons (D:4)
  23 kobolds
  A quokka skeleton (D:7)
  24 rats
  5 fungi
  3 plants
996 creatures vanquished.

Vanquished Creatures (collateral kills)
  A worker ant (D:14)
1 creature vanquished.

Vanquished Creatures (others)
  Nessos (D:14)
  A hill giant (D:11)
  2 humans (Lair:5)
  A hippogriff (Lair:5)
  2 slaves (D:4)
  An orc wizard (D:4)
  An orc priest (D:4)
  3 river rats (Lair:5)
  2 orcs (D:4)
  A kobold (D:4)
  19 fungi
  4 plants
38 creatures vanquished.

Grand Total: 1035 creatures vanquished

Notes
Turn   | Place    | Note
--------------------------------------------------------------
     0 | D:1      | dvd the Halfling Hunter began the quest for the Orb.
     0 | D:1      | Reached XP level 1. HP: 14/14 MP: 1/1
   113 | D:1      | Reached skill level 6 in Slings
   118 | D:1      | Reached XP level 2. HP: 19/19 MP: 2/2
   518 | D:1      | Reached XP level 3. HP: 24/24 MP: 3/3
   790 | D:1      | Reached skill level 7 in Slings
  1252 | D:2      | Reached XP level 4. HP: 29/29 MP: 4/4
  1464 | D:2      | Found an iron altar of Okawaru.
  1883 | D:2      | Reached skill level 8 in Slings
  1990 | D:2      | Reached XP level 5. HP: 34/34 MP: 5/5
  3104 | D:4      | Reached skill level 1 in Short Blades
  3184 | D:4      | Found a white marble altar of Elyvilon.
  3185 | D:4      | Noticed a phantom
  3192 | D:4      | Noticed Pikel
  3196 | D:4      | Noticed a slave
  3196 | D:4      | Noticed a slave
  3199 | D:4      | Noticed a slave
  3200 | D:4      | Noticed a slave
  3372 | D:3      | Killed a slave
  3597 | D:4      | Killed Pikel
  3597 | D:4      | Reached skill level 9 in Slings
  3597 | D:4      | Reached skill level 1 in Throwing
  3597 | D:4      | Reached skill level 1 in Armour
  3597 | D:4      | Reached XP level 6. HP: 36/42 MP: 6/6
  3597 | D:4      | Reached XP level 7. HP: 39/46 MP: 7/7
  3697 | D:4      | Killed a freed slave
  3722 | D:4      | Killed a freed slave
  3846 | D:4      | Found a glowing golden altar of the Shining One.
  3926 | D:4      | Reached XP level 8. HP: 52/52 MP: 8/8
  3961 | D:4      | Killed a phantom
  4324 | D:4      | Gained mutation: Your magical capacity is low (-10% MP). [potion of mutation]
  4387 | D:5      | Entered Level 5 of the Dungeon
  4397 | D:4      | Reached skill level 10 in Slings
  4502 | D:5      | Reached skill level 5 in Short Blades
  4786 | D:5      | Reached skill level 1 in Bows
  4844 | D:5      | Found a staircase to the Ecumenical Temple.
  4858 | Temple   | Entered the Ecumenical Temple
  5462 | D:2      | Became a worshipper of Warmaster Okawaru
  5754 | D:5      | Noticed ventricule's ghost (novice HEEE)
  6708 | D:6      | Reached XP level 9. HP: 48/58 MP: 8/8
  6804 | D:6      | Found a sacrificial altar of Ru.
  7118 | D:6      | Reached skill level 11 in Slings
  7175 | D:6      | Found Duogy's Distillery.
  7306 | D:6      | Reached * piety under Okawaru
  7623 | D:7      | Found a deep blue altar of Sif Muna.
  7902 | D:7      | Reached skill level 12 in Slings
  7997 | D:7      | Found a radiant altar of Vehumet.
  7998 | D:7      | Noticed radek's ghost (novice GrEE)
  8052 | D:7      | Killed radek's ghost
  8052 | D:7      | Reached ** piety under Okawaru
  8052 | D:7      | Reached skill level 5 in Fighting
  8489 | D:7      | Reached XP level 10. HP: 66/66 MP: 9/9
  8509 | D:7      | Found a glowing silver altar of Zin.
  8667 | D:7      | Reached skill level 13 in Slings
  8811 | D:7      | Reached skill level 1 in Shields
  8832 | D:8      | Reached skill level 5 in Dodging
  9065 | D:8      | Noticed WereVolvo's ghost (novice MfIE)
  9087 | D:8      | Killed WereVolvo's ghost
  9087 | D:8      | Reached *** piety under Okawaru
  9264 | D:8      | Noticed Gastronok
 10643 | D:9      | Reached skill level 14 in Slings
 10676 | D:9      | Noticed a manticore
 10711 | D:9      | Killed a manticore
 11175 | D:9      | Found a shadowy altar of Dithmenos.
 11353 | D:9      | Noticed Psyche
 11366 | D:9      | Killed Psyche
 11481 | D:9      | Noticed an oklob plant
 11521 | D:9      | Reached XP level 11. HP: 68/72 MP: 7/10
 11921 | D:9      | Killed an oklob plant
 12221 | D:10     | Entered Level 10 of the Dungeon
 12291 | D:10     | Reached **** piety under Okawaru
 12384 | D:10     | Found a roughly hewn altar of Beogh.
 12384 | D:10     | Found a staircase to the Orcish Mines.
 12385 | D:10     | Noticed an orc knight
 12419 | D:10     | Noticed an orc knight
 12419 | D:10     | Noticed an orc knight
 12420 | D:10     | Noticed an orc knight
 12464 | D:10     | Reached skill level 15 in Slings
 12914 | D:10     | Killed Gastronok
 12914 | D:10     | Received a gift from Okawaru
 12914 | D:10     | Reached skill level 10 in Short Blades
 12914 | D:10     | Reached skill level 1 in Invocations
 12982 | D:10     | Reached ***** piety under Okawaru
 13701 | D:10     | Learned a level 1 spell: Animate Skeleton
 13780 | D:10     | Learned a level 1 spell: Pain
 13950 | D:10     | Killed an orc knight
 13950 | D:10     | Reached skill level 5 in Armour
 14040 | D:9      | Killed an orc knight
 14040 | D:9      | Received a gift from Okawaru
 14373 | D:10     | Reached skill level 1 in Spellcasting
 14998 | D:10     | Killed an orc knight
 14998 | D:10     | Reached skill level 1 in Necromancy
 14998 | D:10     | Reached XP level 12. HP: 16/81 MP: 2/12
 15444 | D:10     | Killed an orc knight
 16122 | D:10     | Found a staircase to the Lair.
 16845 | D:11     | Reached skill level 16 in Slings
 16868 | D:11     | Noticed Erolcha
 16883 | D:11     | Killed Erolcha
 17433 | D:11     | Identified a scroll of acquirement
 17660 | Lair:1   | Entered Level 1 of the Lair of Beasts
 18564 | Lair:1   | Learned a level 3 spell: Vampiric Draining
 18967 | Lair:1   | Received a gift from Okawaru
 18967 | Lair:1   | Reached XP level 13. HP: 13/88 MP: 0/15
 19736 | Lair:1   | Got a pair of crude boots
 19747 | Lair:1   | Identified the +2 pair of boots of Autotheism {rPois Int+2 Dex+2} (You acquired it on level 1 of the Lair of Beasts)
 19751 | Lair:1   | Got a pair of spiked boots
 19762 | Lair:1   | Identified the +0 pair of boots "Nuonn" {rElec rF+ Str-5} (You acquired it on level 1 of the Lair of Beasts)
 19841 | Lair:2   | Received a gift from Okawaru
 19928 | Lair:2   | Learned a level 3 spell: Regeneration
 20133 | Lair:2   | Reached skill level 1 in Charms
 20376 | Lair:2   | Received a gift from Okawaru
 21163 | Lair:2   | Reached skill level 5 in Shields
 22420 | Lair:3   | Received a gift from Okawaru
 22423 | Lair:3   | Got a spiked crystal plate armour {god gift}
 22434 | Lair:3   | Identified the +7 crystal plate armour of the Invisible Hand {MR+} (Okawaru gifted it to you on level 3 of the Lair of Beasts)
 22629 | Lair:3   | Found a hole to the Spider Nest.
 23068 | Lair:3   | Reached XP level 14. HP: 46/97 MP: 11/17
 23759 | Lair:4   | Noticed Maud
 23810 | Lair:4   | Killed Maud
 24800 | Lair:5   | Noticed Kirke
 24854 | Lair:5   | Killed Kirke
 24854 | Lair:5   | Received a gift from Okawaru
 25566 | Lair:5   | Noticed AAAAA's ghost (journeyman DgWn)
 25679 | Lair:5   | Killed AAAAA's ghost
 26201 | Lair:5   | Reached skill level 17 in Slings
 27052 | Orc:1    | Entered Level 1 of the Orcish Mines
 27447 | Orc:1    | Received a gift from Okawaru
 27702 | Orc:2    | Noticed Josephine
 27723 | Orc:2    | Killed Josephine
 28963 | Orc:3    | Found a staircase to the Elven Halls.
 28978 | Orc:3    | Found a dark tunnel.
 28996 | Volcano  | Entered a volcano
 29793 | Orc:2    | Found a roughly hewn altar of Beogh.
 29843 | Orc:2    | Noticed Snorg
 29849 | Orc:2    | Noticed Fannar
 29881 | Orc:2    | Killed Snorg
 30183 | Orc:2    | Killed Fannar
 30329 | Orc:2    | Found a roughly hewn altar of Beogh.
 30504 | Orc:4    | Entered Level 4 of the Orcish Mines
 30554 | Orc:4    | Noticed an orc warlord
 30612 | Orc:3    | Killed an orc warlord
 30612 | Orc:3    | Received a gift from Okawaru
 30612 | Orc:3    | Reached skill level 10 in Fighting
 30615 | Orc:3    | Got a smoking greatsling {god gift}
 30616 | Orc:3    | Identified the +6 greatsling of Cityec {speed, rElec MP+9 Str+3 Int-3} (Okawaru gifted it to you on level 3 of the Orcish Mines)
 30881 | Orc:3    | Reached XP level 15. HP: 103/103 MP: 18/18
 30915 | Orc:4    | Found Ahuh's Jewellery Emporium.
 31009 | Orc:4    | Noticed an orc warlord
 31034 | Orc:4    | Killed an orc warlord
 31148 | Orc:4    | Reached skill level 18 in Slings
 31435 | Orc:4    | Received a gift from Okawaru
 31451 | Orc:4    | Got a shimmering cloak {god gift}
 31462 | Orc:4    | Identified the -1 cloak of the Eight Wonders {*Confuse rN+ rCorr Dex+3} (Okawaru gifted it to you on level 4 of the Orcish Mines)
 31619 | Orc:4    | Found Tanaih's General Store.
 31653 | Orc:4    | Bought a +2 helmet of see invisible for 215 gold pieces
 31871 | Orc:4    | Found Okizes's Gadget Shoppe.
 32089 | Orc:4    | Found Fyez's Antique Weapon Shoppe.
 32349 | Orc:4    | Found Yluuvitall's Antique Armour Emporium.
 32371 | Orc:4    | Bought a pair of glowing gloves for 112 gold pieces
 33433 | Lair:6   | Gained mutation: Your natural rate of healing is unusually fast. [potion of beneficial mutation]
 34303 | Lair:6   | Found a staircase to the Swamp.
 34544 | Swamp:1  | Entered Level 1 of the Swamp
 35003 | Swamp:1  | Noticed Donald
 35141 | Swamp:1  | Killed Donald
 35337 | Swamp:1  | Reached skill level 1 in Long Blades
 35808 | Swamp:1  | Reached XP level 16. HP: 61/110 MP: 17/19
 36152 | Swamp:1  | Received a gift from Okawaru
 37022 | Swamp:1  | Reached skill level 10 in Armour
 38145 | D:12     | Noticed Azrael
 38464 | D:12     | Reached skill level 10 in Shields
 38471 | D:12     | Received a gift from Okawaru
 38807 | D:12     | Killed Azrael
 38981 | D:12     | Received a gift from Okawaru
 39517 | D:13     | Received a gift from Okawaru
 39557 | D:13     | Received a gift from Okawaru
 39595 | D:13     | Reached skill level 19 in Slings
 39928 | D:13     | Received a gift from Okawaru
 40479 | D:14     | Noticed Nessos
 40488 | D:14     | Killed Nessos
 40685 | D:14     | Found Jannyeshri's Blood Bar.
 40921 | D:14     | Received a gift from Okawaru
 41336 | D:14     | Found a gate to the Vaults.
 41430 | D:14     | Received a gift from Okawaru
 41444 | D:14     | Received a gift from Okawaru
 41667 | D:15     | Entered Level 15 of the Dungeon
 42154 | D:15     | Reached XP level 17. HP: 75/117 MP: 20/20
 42540 | D:15     | Found a runed door.
 42566 | D:15     | Killed from afar by a frost giant

Action                   |  1- 3 |  4- 6 |  7- 9 | 10-12 | 13-15 | 16-18 || total
-------------------------+-------+-------+-------+-------+-------+-------++-------
Melee: Short sword       |    23 |   104 |   216 |   675 |  2986 |   119 ||  4123
       Dagger            |       |    10 |    13 |   680 |    34 |   295 ||  1032
       Long sword        |       |       |       |       |   134 |   395 ||   529
       Scimitar          |       |       |       |       |       |   228 ||   228
 Fire: Hunting sling     |    63 |    87 |   236 |   485 |   547 |       ||  1418
       Shortbow          |       |       |    23 |       |       |       ||    23
       Greatsling        |       |       |       |       |   319 |   239 ||   558
Throw: Tomahawk          |       |     5 |       |    41 |    80 |    39 ||   165
       Stone             |       |     3 |       |       |       |       ||     3
 Cast: Animate Skeleton  |       |       |       |     2 |       |       ||     2
       Pain              |       |       |       |     1 |     1 |       ||     2
Invok: Heroism           |       |       |       |    20 |    20 |     9 ||    49
       Finesse           |       |       |       |     1 |       |       ||     1
Evoke: Wand              |       |       |     3 |       |     5 |     1 ||     9
  Use: Scroll            |     1 |       |    11 |    12 |    21 |    11 ||    56
       Potion            |       |       |    12 |     5 |     4 |     6 ||    27
 Stab: Sleeping          |     1 |     1 |     1 |       |       |       ||     3
       Paralysed         |       |       |       |     4 |       |       ||     4
       Confused          |       |       |       |     5 |       |       ||     5
       Petrifying        |       |       |       |     2 |     1 |       ||     3
       Petrified         |       |       |       |     3 |       |       ||     3
       Distracted        |       |       |       |     2 |       |       ||     2
  Eat: Chunk             |     1 |     7 |    14 |    24 |    41 |     5 ||    92
       Beef jerky        |       |       |     1 |     2 |     1 |     1 ||     5
       Royal jelly       |       |       |       |     1 |       |     2 ||     3
       Pizza             |       |       |       |     2 |     2 |       ||     4
       Bread ration      |       |       |       |     1 |     1 |       ||     2
       Meat ration       |       |       |       |       |     1 |     3 ||     4
